 Dungeon Crawl Stone Soup version 0.23-a0-899-gbbae0a3 (webtiles) character file.

Game seed: 1766797167226891203

256 Lanoc the Skirmisher (level 5, -2/43 HPs)
             Began as a Demonspawn Monk on Jan 30, 2019.
             Slain by a gnoll
             ... wielding a +0 whip
              (8 damage)
             ... on level 3 of the Dungeon.
             The game lasted 00:05:53 (2601 turns).

Lanoc the Skirmisher (Demonspawn Monk)              Turns: 2601, Time: 00:05:53

Health: -2/43      AC:  4    Str: 12    XL:     5   Next: 92%
Magic:  5/5        EV: 14    Int: 12    God:
Gold:   88         SH:  0    Dex: 15    Spells: 4/4 levels left

rFire    + . .     SeeInvis .   a - +0 hand axe
rCold    . . .     Gourm    .   (no shield)
rNeg     . . .     Faith    .   b - +0 robe
rPois    .         Spirit   .   (no helmet)
rElec    .         Reflect  .   (no cloak)
rCorr    .         Harm     .   (no gloves)
MR       .....                  (no boots)
Stlth    ++........             (no amulet)
HPRegen  0.14/turn              e - +2 ring of protection
MPRegen  0.09/turn              k - ring of flight

@: no status effects
A: fire resistance 1, flame cloud immunity
a: Evoke Flight


You were on level 3 of the Dungeon.
You were hungry.

You visited 1 branch of the dungeon, and saw 3 of its levels.

You collected 88 gold pieces.

Inventory:

Hand Weapons
 a - a +0 hand axe (weapon)
Armour
 b - a +0 robe (worn)
Jewellery
 e - a +2 ring of protection (left hand)
 k - a ring of flight (right hand)
Wands
 i - a wand of iceblast (8)
 j - a wand of disintegration (5)
Scrolls
 f - 2 scrolls of remove curse
 g - 2 scrolls of magic mapping {unknown}
 h - 2 scrolls of teleportation
 m - a scroll of amnesia {unknown}
Potions
 d - a potion of flight
Comestibles
 c - 2 rations


   Skills:
 + Level 4.3 Fighting
 * Level 3.2 Axes
 + Level 2.6 Armour
 + Level 4.0 Dodging
 - Level 1.7 Stealth


You had 4 spell levels left.
You didn't know any spells.
Your spell library was empty.

Dungeon Overview and Level Annotations

Branches:
Dungeon (3/15)

Altars:
Ru

Annotations:
D:2 Sigmund
D:3 Natasha


Innate Abilities, Weirdness & Mutations

Your flesh is heat resistant. (rF+)
You are immune to clouds of flame.


Message History

The gnoll is moderately wounded.
The gnoll hits you with a +0 whip.
* * * LOW HITPOINT WARNING * * *
Okay, then.
You completely miss the gnoll.
The gnoll is moderately wounded.
The gnoll closely misses you.
You hit the gnoll.
The gnoll is severely wounded.
The gnoll hits you but does no damage.
You hit the gnoll but do no damage.
The gnoll is severely wounded.
The gnoll closely misses you.
You hit the gnoll.
The gnoll is severely wounded.
The gnoll misses you.
You barely miss the gnoll.
The gnoll is severely wounded.
The gnoll hits you with a +0 whip!
You die...

##..###<####.###.####....#
.............# #.# #....#
##..###.####.###.####....#
# ...................#
..................##
##.###..###.####..## ..#
#. #.# #..#
.####.<###.####..#
.......@gg......#
.###.####.......#
#######.# #


You could see 2 gnolls.

Vanquished Creatures
  An ogre (D:2)
  Ijyb (D:3)
  Natasha (D:3)
  A gnoll (D:3)
  7 adders
  A dart slug (D:3)
  A leopard gecko (D:3)
  4 giant cockroaches
  3 goblins
  10 hobgoblins
  7 jackals
  A quokka (D:3)
  5 bats
  3 frilled lizards
  2 kobolds (D:2)
  4 rats
52 creatures vanquished.

Notes
Turn   | Place    | Note
-------+----------+-------------------------------------------
     0 | D:1      | Lanoc the Demonspawn Monk began the quest for the Orb.
     0 | D:1      | Reached XP level 1. HP: 18/18 MP: 1/1
   127 | D:1      | Gained mutation: Your flesh is heat resistant. (rF+)
                  | [demonic ancestry]
   127 | D:1      | Reached XP level 2. HP: 22/24 MP: 2/2
   582 | D:2      | Reached skill level 1 in Armour
   702 | D:2      | Gained mutation: You are immune to clouds of flame.
                  | [demonic ancestry]
   702 | D:2      | Reached XP level 3. HP: 25/29 MP: 3/3
   967 | D:2      | Noticed an ogre
   995 | D:2      | Killed an ogre
   995 | D:2      | Reached XP level 4. HP: 21/37 MP: 4/4
  1223 | D:2      | Reached XP level 5. HP: 32/42 MP: 5/5
  1757 | D:2      | Noticed Sigmund
  2020 | D:3      | Noticed Ijyb
  2039 | D:3      | Killed Ijyb
  2178 | D:3      | Noticed Natasha
  2187 | D:3      | Killed Natasha
  2213 | D:3      | Noticed Natasha
  2382 | D:3      | Found a sacrificial altar of Ru.
  2601 | D:3      | Slain by a gnoll

Vault maps used:
D:1:      dpeg_arrival_round_c, due_unseen_surprise
D:2:      first_ration, corexii_corridor_pit, uniq_sigmund
D:3:      marbit_many_paths, uniq_ijyb, uniq_natasha

Skill      XL: |  1  2  3  4  5 |
---------------+----------------+-----
Dodging        | 3 4 |  4.0
Armour         | 1 2 |  2.6
Fighting       | 4 |  4.3
Axes           | 3 |  3.2
Stealth        | |  1.7

Action                   |  1- 3 |  4- 6 || total
-------------------------+-------+-------++-------
Melee: Hand axe          |    97 |   146 ||   243
Evoke: Wand              |       |     4 ||     4
  Use: Potion            |     2 |     1 ||     3
       Scroll            |       |     4 ||     4
 Stab: Sleeping          |     1 |     3 ||     4
  Eat: Chunk             |       |     5 ||     5
Armor: Robe              |    28 |    55 ||    83
Dodge: Dodged            |    64 |   148 ||   212

Table legend:
 A = Non-vault XP
 B = Vault XP
 C = Vault XP percentage of total XP
 D = Non-vault monster count
 E = Vault monster count
 F = Vault count percentage of total count
                 A         B        C        D         E       F
            +---------+---------+-------+---------+---------+-------
      Total |     293 |      73 |  19.9 |      49 |       3 |   5.8
            +---------+---------+-------+---------+---------+-------
        D:1 |      25 |       0 |   0.0 |      14 |       0 |   0.0
        D:2 |     208 |       0 |   0.0 |      23 |       0 |   0.0
        D:3 |      60 |      73 |  54.9 |      12 |       3 |  20.0
            +---------+---------+-------+---------+---------+-------
